Workbook

Sheet Summary Sheet
A1: Production Manager: Michael Ager | E1: Budget VAT: | F1: Ex Vat
A2: Venue: | E2: Total Show Budget: | F2: 0
A3: Show: | E3: Budget Allocated: | F3: =B34 -> 0
A4: Budget Code: | E4: Budget Not Allocated: | F4: =F2-F3 -> 0
B6: Budget | C6: Estimates | D6: Actual Spend | E6: Running Total | F6: variance
A7: Physical Production
A8: Production Management (inc contingency) | C8: ='Production Management'!F63 -> 0 | D8: =IF(F1="Ex Vat",'Production Management'!I63,'Production Management'!J63) -> 0 | E8: ='Production Management'!J65 -> 0 | F8: =B8-E8 -> 0
A9: Set, Stage and Rigging | C9: ='Set, Stage and Rigging'!F63 -> 0 | D9: =IF(F1="Ex Vat",'Set, Stage and Rigging'!I63,'Set, Stage and Rigging'!J63) -> 0 | E9: ='Set, Stage and Rigging'!J65 -> 0 | F9: =B9-E9 -> 0
A10: Props and Furniture (inc transport) | C10: ='Props and Furniture'!F63 -> 0 | D10: =IF(F1="Ex Vat",'Props and Furniture'!I63,'Props and Furniture'!J63) -> 0 | E10: ='Props and Furniture'!J65 -> 0 | F10: =B10-E10 -> 0
A11: costume, wigs and Make-up | C11: ='Costume, Wigs and Make-up'!F63 -> 0 | D11: =IF(F1="Ex Vat",'Costume, Wigs and Make-up'!I63,'Costume, Wigs and Make-up'!J63) -> 0 | E11: ='Costume, Wigs and Make-up'!J65 -> 0 | F11: =B11-E11 -> 0
A12: Lighting | C12: =Lighting!F63 -> 0 | D12: =IF(F1="Ex Vat",Lighting!I63,Lighting!J63) -> 0 | E12: =Lighting!J65 -> 0 | F12: =B12-E12 -> 0
A13: Sound | C13: =Sound!F63 -> 0 | D13: =IF(F1="Ex Vat",Sound!I63,Sound!J63) -> 0 | E13: =Sound!J65 -> 0 | F13: =B13-E13 -> 0
A14: Video | C14: =Video!F63 -> 0 | D14: =IF(F1="Ex Vat",Video!I63,Video!J63) -> 0 | E14: =Video!J65 -> 0 | F14: =B14-E14 -> 0
A15: Production Transport | C15: ='Production Transport'!F63 -> 0 | D15: =IF(F1="Ex Vat",'Production Transport'!I63,'Production Transport'!J63) -> 0 | E15: ='Production Transport'!J65 -> 0 | F15: =B15-E15 -> 0
A16: Set Disposal | C16: ='Set Disposal'!F63 -> 0 | D16: =IF(F1="Ex Vat",'Set Disposal'!I63,'Set Disposal'!J63) -> 0 | E16: ='Set Disposal'!J65 -> 0 | F16: =B16-E16 -> 0
A17: Physical Production total | B17: =SUM(B8:B16) -> 0 | C17: =SUM(C8:C16) -> 0 | D17: =SUM(D8:D16) -> 0 | E17: =SUM(E8:E16) -> 0 | F17: =B17-E17 -> 0
A19: Running
A20: Running Set, Stage and Rigging | C20: ='Running - set and Stage'!F63 -> 0 | D20: =IF(F1="Ex Vat",'Running - set and Stage'!I63,'Running - set and Stage'!J63) -> 0 | E20: ='Running - set and Stage'!J65 -> 0 | F20: =B20-E20 -> 0
A21: Running Props | C21: ='Running - Props'!F63 -> 0 | D21: =IF(F1="Ex Vat",'Running - Props'!I63,'Running - Props'!J63) -> 0 | E21: ='Running - Props'!J65 -> 0 | F21: =B21-E21 -> 0
A22: Running costume, wigs and Make-up | C22: ='Running - costume'!F63 -> 0 | D22: =IF(F1="Ex Vat",'Running - costume'!I63,'Running - costume'!J63) -> 0 | E22: ='Running - costume'!J65 -> 0 | F22: =B22-E22 -> 0
A23: Running Lighting | C23: ='Running - lighting'!F63 -> 0 | D23: =IF(F1="Ex Vat",'Running - lighting'!I63,'Running - lighting'!J63) -> 0 | E23: ='Running - lighting'!J65 -> 0 | F23: =B23-E23 -> 0
A24: Running Sound | C24: ='Running - sound'!F63 -> 0 | D24: =IF(F1="Ex Vat",'Running - sound'!I63,'Running - sound'!J63) -> 0 | E24: ='Running - sound'!J65 -> 0 | F24: =B24-E24 -> 0
A25: Running Video | C25: ='Running - Video'!F63 -> 0 | D25: =IF(F1="Ex Vat",'Running - Video'!I63,'Running - Video'!J63) -> 0 | E25: ='Running - Video'!J65 -> 0 | F25: =B25-E25 -> 0
A26: Running total | B26: =SUM(B20:B25) -> 0 | C26: =SUM(C20:C25) -> 0 | D26: =SUM(D20:D25) -> 0 | E26: =SUM(E20:E25) -> 0 | F26: =B26-E26 -> 0
A28: Staffing
A29: Get-In | C29: ='Staffing - Get-In'!F63 -> 0 | D29: =IF(F1="Ex Vat",'Staffing - Get-In'!I63,'Staffing - Get-In'!J63) -> 0 | E29: ='Staffing - Get-In'!J69 -> 0 | F29: =B29-E29 -> 0
A30: Show Staff | C30: ='Staffing - Show Staff'!F63 -> 0 | D30: =IF(F1="Ex Vat",'Staffing - Show Staff'!I63,'Staffing - Show Staff'!J63) -> 0 | E30: ='Staffing - Show Staff'!J70 -> 0 | F30: =B30-E30 -> 0
A31: Get-Out | C31: ='Staffing - Get-Out'!F63 -> 0 | D31: =IF(F1="Ex Vat",'Staffing - Get-Out'!I63,'Staffing - Get-Out'!J63) -> 0 | E31: ='Staffing - Get-Out'!J71 -> 0 | F31: =B31-E31 -> 0
A32: Staffing total | B32: =SUM(B29:B31) -> 0 | C32: =SUM(C29:C31) -> 0 | D32: =SUM(D29:D31) -> 0 | E32: =SUM(E29:E31) -> 0 | F32: =B32-E32 -> 0
A34: Total | B34: =B32+B26+B17 -> 0 | C34: =C17+C26+C32 -> 0 | D34: =D17+D26+D32 -> 0 | E34: =E32+E26+E17 -> 0 | F34: =B34-E34 -> 0

Sheet Production Management
D1: ='Summary Sheet'!A1 -> Production Manager: Michael Ager | H1: Budget: | I1: ='Summary Sheet'!B8 -> 0
D2: ='Summary Sheet'!A2 -> Venue:
D3: ='Summary Sheet'!A3 -> Show: | H3: Running Total: | I3: =SUM(J65) -> 0
D4: ='Summary Sheet'!A4 -> Budget Code:
D5: ='Summary Sheet'!A8 -> Production Management (inc contingency) | H5: Varience: | I5: =SUM(I1-I3) -> 0
A7: date | B7: PO no. | C7: invoice no. | D7: supplier | E7: description | F7: Estimate Cost | G7: Unit £ | H7: QTY | I7: Total Ex VAT | J7: Total Inc VAT
E63: Sub Totals | F63: =SUM(F8:F62) -> 0 | I63: =SUM(I8:I62) -> 0 | J63: =SUM(J8:J62) -> 0
I64: =F63+I63 -> 0 | J64: =F63+J63 -> 0
E65: Running Total | F65: ='Summary Sheet'!F1 -> Ex Vat | J65: =IF(F65="Ex Vat",I64,J64) -> 0

Sheet Set, Stage and Rigging
D1: ='Summary Sheet'!A1 -> Production Manager: Michael Ager | H1: Budget: | I1: ='Summary Sheet'!B9 -> 0
D2: ='Summary Sheet'!A2 -> Venue:
D3: ='Summary Sheet'!A3 -> Show: | H3: Running Total: | I3: =SUM(J65) -> 0
D4: ='Summary Sheet'!A4 -> Budget Code:
D5: ='Summary Sheet'!A9 -> Set, Stage and Rigging | H5: Varience: | I5: =SUM(I1-I3) -> 0
A7: date | B7: PO no. | C7: invoice no. | D7: supplier | E7: description | F7: Estimate Cost | G7: Unit £ | H7: QTY | I7: Total Ex VAT | J7: Total Inc VAT
E63: Sub Totals | F63: =SUM(F8:F62) -> 0 | I63: =SUM(I8:I62) -> 0 | J63: =SUM(J8:J62) -> 0
I64: =F63+I63 -> 0 | J64: =F63+J63 -> 0
E65: Running Total | F65: ='Summary Sheet'!F1 -> Ex Vat | J65: =IF(F65="Ex Vat",I64,J64) -> 0

Sheet Props and Furniture
D1: ='Summary Sheet'!A1 -> Production Manager: Michael Ager | H1: Budget: | I1: ='Summary Sheet'!B10 -> 0
D2: ='Summary Sheet'!A2 -> Venue:
D3: ='Summary Sheet'!A3 -> Show: | H3: Running Total: | I3: =SUM(J65) -> 0
D4: ='Summary Sheet'!A4 -> Budget Code:
D5: ='Summary Sheet'!A10 -> Props and Furniture (inc transport) | H5: Varience: | I5: =SUM(I1-I3) -> 0
A7: date | B7: PO no. | C7: invoice no. | D7: supplier | E7: description | F7: Estimate Cost | G7: Unit £ | H7: QTY | I7: Total Ex VAT | J7: Total Inc VAT
E63: Sub Totals | F63: =SUM(F8:F62) -> 0 | I63: =SUM(I8:I62) -> 0 | J63: =SUM(J8:J62) -> 0
I64: =F63+I63 -> 0 | J64: =F63+J63 -> 0
E65: Running Total | F65: ='Summary Sheet'!F1 -> Ex Vat | J65: =IF(F65="Ex Vat",I64,J64) -> 0

Sheet Costume, Wigs and Make-up
D1: ='Summary Sheet'!A1 -> Production Manager: Michael Ager | H1: Budget: | I1: ='Summary Sheet'!B11 -> 0
D2: ='Summary Sheet'!A2 -> Venue:
D3: ='Summary Sheet'!A3 -> Show: | H3: Running Total: | I3: =SUM(J65) -> 0
D4: ='Summary Sheet'!A4 -> Budget Code:
D5: ='Summary Sheet'!A11 -> costume, wigs and Make-up | H5: Varience: | I5: =SUM(I1-I3) -> 0
A7: date | B7: PO no. | C7: invoice no. | D7: supplier | E7: description | F7: Estimate Cost | G7: Unit £ | H7: QTY | I7: Total Ex VAT | J7: Total Inc VAT
E63: Sub Totals | F63: =SUM(F8:F62) -> 0 | I63: =SUM(I8:I62) -> 0 | J63: =SUM(J8:J62) -> 0
I64: =F63+I63 -> 0 | J64: =F63+J63 -> 0
E65: Running Total | F65: ='Summary Sheet'!F1 -> Ex Vat | J65: =IF(F65="Ex Vat",I64,J64) -> 0

Sheet Lighting
D1: ='Summary Sheet'!A1 -> Production Manager: Michael Ager | H1: Budget: | I1: ='Summary Sheet'!B12 -> 0
D2: ='Summary Sheet'!A2 -> Venue:
D3: ='Summary Sheet'!A3 -> Show: | H3: Running Total: | I3: =SUM(J65) -> 0
D4: ='Summary Sheet'!A4 -> Budget Code:
D5: ='Summary Sheet'!A12 -> Lighting | H5: Varience: | I5: =SUM(I1-I3) -> 0
A7: date | B7: PO no. | C7: invoice no. | D7: supplier | E7: description | F7: Estimate Cost | G7: Unit £ | H7: QTY | I7: Total Ex VAT | J7: Total Inc VAT
E63: Sub Totals | F63: =SUM(F8:F62) -> 0 | I63: =SUM(I8:I62) -> 0 | J63: =SUM(J8:J62) -> 0
I64: =F63+I63 -> 0 | J64: =F63+J63 -> 0
E65: Running Total | F65: ='Summary Sheet'!F1 -> Ex Vat | J65: =IF(F65="Ex Vat",I64,J64) -> 0

Sheet Sound
D1: ='Summary Sheet'!A1 -> Production Manager: Michael Ager | H1: Budget: | I1: ='Summary Sheet'!B13 -> 0
D2: ='Summary Sheet'!A2 -> Venue:
D3: ='Summary Sheet'!A3 -> Show: | H3: Running Total: | I3: =SUM(J65) -> 0
D4: ='Summary Sheet'!A4 -> Budget Code:
D5: ='Summary Sheet'!A13 -> Sound | H5: Varience: | I5: =SUM(I1-I3) -> 0
A7: date | B7: PO no. | C7: invoice no. | D7: supplier | E7: description | F7: Estimate Cost | G7: Unit £ | H7: QTY | I7: Total Ex VAT | J7: Total Inc VAT
E63: Sub Totals | F63: =SUM(F8:F62) -> 0 | I63: =SUM(I8:I62) -> 0 | J63: =SUM(J8:J62) -> 0
I64: =F63+I63 -> 0 | J64: =F63+J63 -> 0
E65: Running Total | F65: ='Summary Sheet'!F1 -> Ex Vat | J65: =IF(F65="Ex Vat",I64,J64) -> 0

Sheet Video
D1: ='Summary Sheet'!A1 -> Production Manager: Michael Ager | H1: Budget: | I1: ='Summary Sheet'!B14 -> 0
D2: ='Summary Sheet'!A2 -> Venue:
D3: ='Summary Sheet'!A3 -> Show: | H3: Running Total: | I3: =SUM(J65) -> 0
D4: ='Summary Sheet'!A4 -> Budget Code:
D5: ='Summary Sheet'!A14 -> Video | H5: Varience: | I5: =SUM(I1-I3) -> 0
A7: date | B7: PO no. | C7: invoice no. | D7: supplier | E7: description | F7: Estimate Cost | G7: Unit £ | H7: QTY | I7: Total Ex VAT | J7: Total Inc VAT
E63: Sub Totals | F63: =SUM(F8:F62) -> 0 | I63: =SUM(I8:I62) -> 0 | J63: =SUM(J8:J62) -> 0
I64: =F63+I63 -> 0 | J64: =F63+J63 -> 0
E65: Running Total | F65: ='Summary Sheet'!F1 -> Ex Vat | J65: =IF(F65="Ex Vat",I64,J64) -> 0

Sheet Production Transport
D1: ='Summary Sheet'!A1 -> Production Manager: Michael Ager | H1: Budget: | I1: ='Summary Sheet'!B15 -> 0
D2: ='Summary Sheet'!A2 -> Venue:
D3: ='Summary Sheet'!A3 -> Show: | H3: Running Total: | I3: =SUM(J65) -> 0
D4: ='Summary Sheet'!A4 -> Budget Code:
D5: ='Summary Sheet'!A15 -> Production Transport | H5: Varience: | I5: =SUM(I1-I3) -> 0
A7: date | B7: PO no. | C7: invoice no. | D7: supplier | E7: description | F7: Estimate Cost | G7: Unit £ | H7: QTY | I7: Total Ex VAT | J7: Total Inc VAT
E63: Sub Totals | F63: =SUM(F8:F62) -> 0 | I63: =SUM(I8:I62) -> 0 | J63: =SUM(J8:J62) -> 0
I64: =F63+I63 -> 0 | J64: =F63+J63 -> 0
E65: Running Total | F65: ='Summary Sheet'!F1 -> Ex Vat | J65: =IF(F65="Ex Vat",I64,J64) -> 0

Sheet Set Disposal
D1: ='Summary Sheet'!A1 -> Production Manager: Michael Ager | H1: Budget: | I1: ='Summary Sheet'!B16 -> 0
D2: ='Summary Sheet'!A2 -> Venue:
D3: ='Summary Sheet'!A3 -> Show: | H3: Running Total: | I3: =SUM(J65) -> 0
D4: ='Summary Sheet'!A4 -> Budget Code:
D5: ='Summary Sheet'!A16 -> Set Disposal | H5: Varience: | I5: =SUM(I1-I3) -> 0
A7: date | B7: PO no. | C7: invoice no. | D7: supplier | E7: description | F7: Estimate Cost | G7: Unit £ | H7: QTY | I7: Total Ex VAT | J7: Total Inc VAT
E63: Sub Totals | F63: =SUM(F8:F62) -> 0 | I63: =SUM(I8:I62) -> 0 | J63: =SUM(J8:J62) -> 0
I64: =F63+I63 -> 0 | J64: =F63+J63 -> 0
E65: Running Total | F65: ='Summary Sheet'!F1 -> Ex Vat | J65: =IF(F65="Ex Vat",I64,J64) -> 0

Sheet Running - set and Stage
D1: ='Summary Sheet'!A1 -> Production Manager: Michael Ager | H1: Budget: | I1: ='Summary Sheet'!B20 -> 0
D2: ='Summary Sheet'!A2 -> Venue:
D3: ='Summary Sheet'!A3 -> Show: | H3: Running Total: | I3: =SUM(J65) -> 0
D4: ='Summary Sheet'!A4 -> Budget Code:
D5: ='Summary Sheet'!A20 -> Running Set, Stage and Rigging | H5: Varience: | I5: =SUM(I1-I3) -> 0
A7: date | B7: PO no. | C7: invoice no. | D7: supplier | E7: description | F7: Estimate Cost | G7: Unit £ | H7: QTY | I7: Total Ex VAT | J7: Total Inc VAT
E63: Sub Totals | F63: =SUM(F8:F62) -> 0 | I63: =SUM(I8:I62) -> 0 | J63: =SUM(J8:J62) -> 0
I64: =F63+I63 -> 0 | J64: =F63+J63 -> 0
E65: Running Total | F65: ='Summary Sheet'!F1 -> Ex Vat | J65: =IF(F65="Ex Vat",I64,J64) -> 0

Sheet Running - Props
D1: ='Summary Sheet'!A1 -> Production Manager: Michael Ager | H1: Budget: | I1: ='Summary Sheet'!B21 -> 0
D2: ='Summary Sheet'!A2 -> Venue:
D3: ='Summary Sheet'!A3 -> Show: | H3: Running Total: | I3: =SUM(J65) -> 0
D4: ='Summary Sheet'!A4 -> Budget Code:
D5: ='Summary Sheet'!A21 -> Running Props | H5: Varience: | I5: =SUM(I1-I3) -> 0
A7: date | B7: PO no. | C7: invoice no. | D7: supplier | E7: description | F7: Estimate Cost | G7: Unit £ | H7: QTY | I7: Total Ex VAT | J7: Total Inc VAT
E63: Sub Totals | F63: =SUM(F8:F62) -> 0 | I63: =SUM(I8:I62) -> 0 | J63: =SUM(J8:J62) -> 0
I64: =F63+I63 -> 0 | J64: =F63+J63 -> 0
E65: Running Total | F65: ='Summary Sheet'!F1 -> Ex Vat | J65: =IF(F65="Ex Vat",I64,J64) -> 0

Sheet Running - costume
D1: ='Summary Sheet'!A1 -> Production Manager: Michael Ager | H1: Budget: | I1: ='Summary Sheet'!B22 -> 0
D2: ='Summary Sheet'!A2 -> Venue:
D3: ='Summary Sheet'!A3 -> Show: | H3: Running Total: | I3: =SUM(J65) -> 0
D4: ='Summary Sheet'!A4 -> Budget Code:
D5: ='Summary Sheet'!A22 -> Running costume, wigs and Make-up | H5: Varience: | I5: =SUM(I1-I3) -> 0
A7: date | B7: PO no. | C7: invoice no. | D7: supplier | E7: description | F7: Estimate Cost | G7: Unit £ | H7: QTY | I7: Total Ex VAT | J7: Total Inc VAT
E63: Sub Totals | F63: =SUM(F8:F62) -> 0 | I63: =SUM(I8:I62) -> 0 | J63: =SUM(J8:J62) -> 0
I64: =F63+I63 -> 0 | J64: =F63+J63 -> 0
E65: Running Total | F65: ='Summary Sheet'!F1 -> Ex Vat | J65: =IF(F65="Ex Vat",I64,J64) -> 0

Sheet Running - lighting
D1: ='Summary Sheet'!A1 -> Production Manager: Michael Ager | H1: Budget: | I1: ='Summary Sheet'!B23 -> 0
D2: ='Summary Sheet'!A2 -> Venue:
D3: ='Summary Sheet'!A3 -> Show: | H3: Running Total: | I3: =SUM(J65) -> 0
D4: ='Summary Sheet'!A4 -> Budget Code:
D5: ='Summary Sheet'!A23 -> Running Lighting | H5: Varience: | I5: =SUM(I1-I3) -> 0
A7: date | B7: PO no. | C7: invoice no. | D7: supplier | E7: description | F7: Estimate Cost | G7: Unit £ | H7: QTY | I7: Total Ex VAT | J7: Total Inc VAT
E63: Sub Totals | F63: =SUM(F8:F62) -> 0 | I63: =SUM(I8:I62) -> 0 | J63: =SUM(J8:J62) -> 0
I64: =F63+I63 -> 0 | J64: =F63+J63 -> 0
E65: Running Total | F65: ='Summary Sheet'!F1 -> Ex Vat | J65: =IF(F65="Ex Vat",I64,J64) -> 0

Sheet Running - sound
D1: ='Summary Sheet'!A1 -> Production Manager: Michael Ager | H1: Budget: | I1: ='Summary Sheet'!B24 -> 0
D2: ='Summary Sheet'!A2 -> Venue:
D3: ='Summary Sheet'!A3 -> Show: | H3: Running Total: | I3: =SUM(J65) -> 0
D4: ='Summary Sheet'!A4 -> Budget Code:
D5: ='Summary Sheet'!A24 -> Running Sound | H5: Varience: | I5: =SUM(I1-I3) -> 0
A7: date | B7: PO no. | C7: invoice no. | D7: supplier | E7: description | F7: Estimate Cost | G7: Unit £ | H7: QTY | I7: Total Ex VAT | J7: Total Inc VAT
E63: Sub Totals | F63: =SUM(F8:F62) -> 0 | I63: =SUM(I8:I62) -> 0 | J63: =SUM(J8:J62) -> 0
I64: =F63+I63 -> 0 | J64: =F63+J63 -> 0
E65: Running Total | F65: ='Summary Sheet'!F1 -> Ex Vat | J65: =IF(F65="Ex Vat",I64,J64) -> 0

Sheet Running - Video
D1: ='Summary Sheet'!A1 -> Production Manager: Michael Ager | H1: Budget: | I1: ='Summary Sheet'!B25 -> 0
D2: ='Summary Sheet'!A2 -> Venue:
D3: ='Summary Sheet'!A3 -> Show: | H3: Running Total: | I3: =SUM(J65) -> 0
D4: ='Summary Sheet'!A4 -> Budget Code:
D5: ='Summary Sheet'!A25 -> Running Video | H5: Varience: | I5: =SUM(I1-I3) -> 0
A7: date | B7: PO no. | C7: invoice no. | D7: supplier | E7: description | F7: Estimate Cost | G7: Unit £ | H7: QTY | I7: Total Ex VAT | J7: Total Inc VAT
E63: Sub Totals | F63: =SUM(F8:F62) -> 0 | I63: =SUM(I8:I62) -> 0 | J63: =SUM(J8:J62) -> 0
I64: =F63+I63 -> 0 | J64: =F63+J63 -> 0
E65: Running Total | F65: ='Summary Sheet'!F1 -> Ex Vat | J65: =IF(F65="Ex Vat",I64,J64) -> 0

Sheet Staffing - Get-In
D1: ='Summary Sheet'!A1 -> Production Manager: Michael Ager | H1: Budget: | I1: ='Summary Sheet'!B29 -> 0
D2: ='Summary Sheet'!A2 -> Venue:
D3: ='Summary Sheet'!A3 -> Show: | H3: Running Total: | I3: =SUM(J65) -> 0
D4: ='Summary Sheet'!A4 -> Budget Code:
D5: ='Summary Sheet'!A29 -> Get-In | H5: Varience: | I5: =SUM(I1-I3) -> 0
A7: date | B7: PO no. | C7: invoice no. | D7: supplier | E7: description | F7: Estimate Cost | G7: Unit £ | H7: QTY | I7: Total Ex VAT | J7: Total Inc VAT
E63: Sub Totals | F63: =SUM(F8:F62) -> 0 | I63: =SUM(I8:I62) -> 0 | J63: =SUM(J8:J62) -> 0
I64: =F63+I63 -> 0 | J64: =F63+J63 -> 0
E65: Running Total | F65: ='Summary Sheet'!F1 -> Ex Vat | J65: =IF(F65="Ex Vat",I64,J64) -> 0

Sheet Staffing - Show Staff
D1: ='Summary Sheet'!A1 -> Production Manager: Michael Ager | H1: Budget: | I1: ='Summary Sheet'!B30 -> 0
D2: ='Summary Sheet'!A2 -> Venue:
D3: ='Summary Sheet'!A3 -> Show: | H3: Running Total: | I3: =SUM(J65) -> 0
D4: ='Summary Sheet'!A4 -> Budget Code:
D5: ='Summary Sheet'!A30 -> Show Staff | H5: Varience: | I5: =SUM(I1-I3) -> 0
A7: date | B7: PO no. | C7: invoice no. | D7: supplier | E7: description | F7: Estimate Cost | G7: Unit £ | H7: QTY | I7: Total Ex VAT | J7: Total Inc VAT
E63: Sub Totals | F63: =SUM(F8:F62) -> 0 | I63: =SUM(I8:I62) -> 0 | J63: =SUM(J8:J62) -> 0
I64: =F63+I63 -> 0 | J64: =F63+J63 -> 0
E65: Running Total | F65: ='Summary Sheet'!F1 -> Ex Vat | J65: =IF(F65="Ex Vat",I64,J64) -> 0

Sheet Staffing - Get-Out
D1: ='Summary Sheet'!A1 -> Production Manager: Michael Ager | H1: Budget: | I1: ='Summary Sheet'!B31 -> 0
D2: ='Summary Sheet'!A2 -> Venue:
D3: ='Summary Sheet'!A3 -> Show: | H3: Running Total: | I3: =SUM(J65) -> 0
D4: ='Summary Sheet'!A4 -> Budget Code:
D5: ='Summary Sheet'!A31 -> Get-Out | H5: Varience: | I5: =SUM(I1-I3) -> 0
A7: date | B7: PO no. | C7: invoice no. | D7: supplier | E7: description | F7: Estimate Cost | G7: Unit £ | H7: QTY | I7: Total Ex VAT | J7: Total Inc VAT
E63: Sub Totals | F63: =SUM(F8:F62) -> 0 | I63: =SUM(I8:I62) -> 0 | J63: =SUM(J8:J62) -> 0
I64: =F63+I63 -> 0 | J64: =F63+J63 -> 0
E65: Running Total | F65: ='Summary Sheet'!F1 -> Ex Vat | J65: =IF(F65="Ex Vat",I64,J64) -> 0

Sheet Labels
A1: Inc Vat
A2: Ex Vat
